 Dungeon Crawl Stone Soup version 0.28.0-53-g5a82cb258f (webtiles) character file.

Game seed: 13695274766126308739

46 unlimited1921 the Magician (level 3, -2/25 HPs)
             Began as a Djinni Fire Elementalist on June 21, 2022.
             Slain by a gnoll
             ... wielding a +0 spear
              (8 damage)
             ... on level 2 of the Dungeon.
             The game lasted 00:03:40 (2691 turns).

unlimited1921 the Magician (DjFE)                   Turns: 2691, Time: 00:03:42

Health: -2/25      AC:  2    Str:  7    XL:     3   Next: 95%
Gold:   41         EV: 12    Int: 18    God:
                   SH:  0    Dex: 13

rFire   + + .      SeeInvis .   i - +0 hand axe
rCold   x . .      Faith    .   (no shield)
rNeg    . . .      Spirit   .   a - +0 robe
rPois   ∞          Reflect  .   (no helmet)
rElec   .          Harm     .   (no cloak)
rCorr   .          Rampage  .   (no gloves)
Will    .....                   (boots unavailable)
Stlth   ++........              (no amulet)
HPRegen 0.08/turn               (no ring)
MPRegen 0.00/turn               (no ring)

@: flying
A: sickness immunity, fire resistance 2, cold vulnerability 1, float, innate
caster, HP casting, extra vitality 1
a: no special abilities


You were on level 2 of the Dungeon.
You visited 1 branch of the dungeon, and saw 2 of its levels.

You collected 41 gold pieces.

Inventory:

Hand Weapons
 g - a +0 dagger
 i - a +0 hand axe (weapon)
Missiles
 k - 11 sling bullets
 l - 19 bolts
Armour
 a - a +0 robe (worn)
 f - a +0 ring mail
Scrolls
 b - a scroll of acquirement {unknown}
 c - 3 scrolls of identify {unknown}
 d - 2 scrolls of fear {unknown}
 h - a scroll of immolation
 j - a scroll of blinking {unknown}
Potions
 e - a potion of resistance {unknown}


   Skills:
 + Level 2.3 Dodging
 + Level 1.8 Stealth
 + Level 3.4 Spellcasting


You couldn't memorise any spells.
You knew the following spells:

 Your Spells              Type           Power      Damage    Failure   Level
a - Foxfire               Conj/Fire      60%        2x1d7     3%          1
b - Scorch                Fire           30%        2d6       6%          2
c - Conjure Flame         Conj/Fire      15%        6-21      12%         3
d - Inner Flame           Hex/Fire       15%        N/A       12%         3
e - Flame Wave            Conj/Fire      15%        2d6       36%         4
f - Magic Dart            Conj           60%        1d6       3%          1
Your spell library was empty.

Dungeon Overview and Level Annotations

Branches:
Dungeon (2/15)

Altars:


Innate Abilities, Weirdness & Mutations

You are immune to sickness and miasma.
You are immune to poison.
Your flesh is very heat resistant. (rF++)
You are vulnerable to cold. (rC-)
You float through the air rather than walking.
You learn spells naturally, not from books.
Your magical power is your life essence.
You have superior vitality. (+4 MHP)


Message History

Confirm with . or Enter, or press ? or * to list all spells.
The spell is quite dangerous to miscast (12% risk of failure)!
Continue anyway?
Aiming: Inner Flame (quite dangerous; 12% risk of failure)
Press: ? - help, Dir - move target, f - gnoll
Aim: a gnoll, wielding a +0 club (wandering, hasn't noticed you, chance to affect: 75%)
The gnoll shouts!
The gnoll is filled with an inner flame.
Casting: Inner Flame (quite dangerous; 12% risk of failure)
Confirm with . or Enter, or press ? or * to list all spells.
You conjure some foxfire!
The foxfire hits the gnoll.
Flame seeps out of the gnoll.
The gnoll is moderately wounded.
The foxfire hits the gnoll.
Flame seeps out of the gnoll.
The gnoll is moderately wounded.
The gnoll is engulfed in blazing flames.
The gnoll explodes!
You hear a shout! x2; You hear an angry hiss.
You start resting.
A gnoll comes into view. It is wielding a +0 spear.
A gnoll is nearby!
Casting: Foxfire (safe; 3% risk of failure)
Confirm with . or Enter, or press ? or * to list all spells.
You conjure some foxfire!
Casting: Foxfire (safe; 3% risk of failure)
Confirm with . or Enter, or press ? or * to list all spells.
You conjure some foxfire!
The foxfire hits the gnoll but does no damage.
A gnoll comes into view. It is wielding a +0 spear.
The foxfire hits the gnoll but does no damage.
Casting: Foxfire (safe; 3% risk of failure)
Confirm with . or Enter, or press ? or * to list all spells.
You conjure some foxfire!
The foxfire hits the gnoll.
The gnoll is heavily wounded.
The gnoll hits you from afar with a +0 spear!
* * * LOW HITPOINT WARNING * * *
Your foxfire dissipates!
The foxfire hits the gnoll.
The gnoll is moderately wounded.
The gnoll hits you from afar with a +0 spear!
You die...

#. §.....§ #.. .$.?. #....#
#...# #.##.# #§.§# #.##.#
#§.☼# #....# #§.○#
######.##.#####...#######.
.........@.g...)........g
###.##.##.#.#.##.##.......
#..........g..##.# .§.###.
.#.#.##.####....... .....
........####)####..........
............§...........K..
.#.#.#..####...........###.
# #.#..####..######...# # #
#........#


You could see 2 gnolls.

Vanquished Creatures
  An adder (D:2)
  A gnoll (D:2)
  A worm (D:2)
  3 bats (D:1)
  An endoplasm (D:1)
  2 giant cockroaches (D:2)
  2 goblins
  3 hobgoblins
  2 jackals (D:1)
  4 quokkas (D:1)
  A kobold (D:2)
21 creatures vanquished.

Vanquished Creatures (collateral kills)
  A foxfire (D:1)
1 creature vanquished.

Vanquished Creatures (others)
  69 foxfires
69 creatures vanquished.

Grand Total: 91 creatures vanquished

Notes
Turn   | Place    | Note
-------+----------+-------------------------------------------
     0 | D:1      | unlimited1921 the Djinni Fire Elementalist began the quest
                  | for the Orb.
     0 | D:1      | Reached XP level 1. HP: 15/15 MP: 0/0
   562 | D:1      | Reached XP level 2. HP: 19/21 MP: 0/0
  1336 | D:1      | Found a faded altar of an unknown god.
  2336 | D:2      | Reached skill level 3 in Spellcasting
  2336 | D:2      | Reached XP level 3. HP: 20/25 MP: 0/0
  2336 | D:2      | Learned a level 1 spell: Magic Dart
  2691 | D:2      | Slain by a gnoll

Illustrated notes

Levels and vault maps discovered:
D:1:      tarquinn_simple_flora_water_f, layout_basic,
          hellmonk_ecumenical_altar_blasted
D:2:      cheibrodos_helix_gallery, layout_basic, lemuel_flame_loot_1

Skill      XL: |  1  2 |
---------------+-------+-----
Spellcasting   | 3 |  3.4
Dodging        | |  2.3
Stealth        | |  1.8

Action                   || total
-------------------------++-------
Melee: Unarmed           ||     3
 Cast: Foxfire           ||    48
       Inner Flame       ||     1
Armor: Robe              ||     2
Dodge: Dodged            ||    16
